 Dungeon Crawl Stone Soup version 0.22-a0-601-gb0ed703 (webtiles) character file.

38 sking99 the Poker (level 3, 0/29 HPs)
             Began as a Demonspawn Monk on July 6, 2018.
             Slain by a hobgoblin (3 damage)
             ... on level 2 of the Dungeon.
             The game lasted 00:01:27 (1145 turns).

sking99 the Poker (Demonspawn Monk)                 Turns: 1145, Time: 00:01:28

Health: 0/29       AC:  2    Str: 11    XL:     3   Next: 25%
Magic:  3/3        EV: 13    Int: 12    God:
Gold:   60         SH:  4    Dex: 15    Spells: 2/2 levels left

rFire    . . .     SeeInvis .   a - +0 spear
rCold    . . .     Gourm    .   (no shield)
rNeg     . . .     Faith    .   b - +0 robe
rPois    .         Spirit   .   (no helmet)
rElec    .         Reflect  .   (no cloak)
rCorr    .         Harm     .   (no gloves)
MR       .....                  (no boots)
Stlth    ++........             (no amulet)
HPRegen  0.09/turn              (no ring)
MPRegen  0.08/turn              (no ring)

@: lethally poisoned (0 -> -3)
A: large bone plates 1
a: no special abilities


You were on level 2 of the Dungeon.
You were not hungry.

You visited 1 branch of the dungeon, and saw 2 of its levels.

You collected 60 gold pieces.

Inventory:

Hand Weapons
 a - a +0 spear (weapon)
Armour
 b - a +0 robe (worn)
Scrolls
 e - a scroll of enchant weapon {unknown}
 f - a scroll of noise {unknown}
 g - a scroll of identify {unknown}
Potions
 i - a potion of brilliance
Comestibles
 c - 3 rations
 d - a chunk of flesh


   Skills:
 + Level 3.4 Fighting
 * Level 3.6 Polearms
 - Level 2.7 Dodging
 - Level 1.7 Stealth


You had 2 spell levels left.
You didn't know any spells.
Your spell library was empty.

Dungeon Overview and Level Annotations

Branches:
Dungeon (2/15)

Altars:


Innate Abilities, Weirdness & Mutations

You are partially covered in large bone plates. (SH +4)


Message History

The adder is almost dead.
The adder misses you. The worm bites you!
* * * LOW HITPOINT WARNING * * *
It was a potion of brilliance.
You feel clever all of a sudden.
* * * LOW HITPOINT WARNING * * *
You feel sick. The adder bites you but does no damage.
You block the adder's attack.
It was a potion of cancellation.
Your magical effects are unravelling.
You feel magically purged.
You feel a little less clever now. The adder barely misses you.
You block the worm's attack.
You hit the adder.
You kill the adder!
You hit the hobgoblin.
The hobgoblin is heavily wounded.
* * * LOW HITPOINT WARNING * * *
You feel sick. The worm closely misses you. The hobgoblin hits you.
You die...

### . #.. .. #.###
...####.#.. #...wg#.#
#....@#.# ##.....#.#
#...##.#.############
.....................#
##...###......######.#
#.. #.####.#.#<.#.# #.
#.# #.#....#.# # #.#
#.#.####.# #.#
#.#......#


You could see a worm and a hobgoblin.

Vanquished Creatures
  An adder (D:2)
  A dart slug (D:1)
  2 leopard geckos (D:1)
  A giant cockroach (D:1)
  6 goblins (D:1)
  3 hobgoblins (D:1)
  2 jackals (D:1)
  2 bats (D:1)
  A frilled lizard (D:1)
  A kobold (D:1)
  3 rats (D:1)
23 creatures vanquished.

Notes
Turn   | Place    | Note
-------+----------+-------------------------------------------
     0 | D:1      | sking99 the Demonspawn Monk began the quest for the Orb.
     0 | D:1      | Reached XP level 1. HP: 18/18 MP: 1/1
   290 | D:1      | Gained mutation: You are partially covered in large bone plates. (SH +4) [demonic ancestry]
   290 | D:1      | Reached XP level 2. HP: 24/24 MP: 2/2
   989 | D:1      | Reached XP level 3. HP: 29/29 MP: 3/3
  1145 | D:2      | Slain by a hobgoblin

Vault maps used:
D:1:      erik_arrival_triangle_medium
D:2:      first_ration

Skill      XL: |  1 |
---------------+----+-----
Polearms       | 3 |  3.6
Fighting       | |  3.4
Dodging        | |  2.7
Stealth        | |  1.7

Action                   || total
-------------------------++-------
Melee: Spear             ||    97
  Use: Potion            ||     2
 Stab: Sleeping          ||     9
  Eat: Chunk             ||     1
Armor: Robe              ||     7
Dodge: Dodged            ||    34
Block: Other             ||     6

Table legend:
 A = Spawn XP
 B = Non-spawn XP
 C = Spawn XP percentage of total XP
 D = Spawn monster count
 E = Non-spawn monster count
 F = Spawn count percentage of total count
 G = Total turns spent on level
                    A         B        C        D         E        F      G
               +---------+---------+-------+---------+---------+-------+---------
         Total |       0 |      55 |   0.0 |       0 |      23 |   0.0 |  1145
               +---------+---------+-------+---------+---------+-------+---------
           D:1 |       0 |      42 |   0.0 |       0 |      22 |   0.0 |  1104
           D:2 |       0 |      13 |   0.0 |       0 |       1 |   0.0 |    41
               +---------+---------+-------+---------+---------+-------+---------
